 Dungeon Sprint DCSS version 0.31-a0-7-g51783674b7 (webtiles) character file.

Game seed: 1733575630951423932

189 sircluck the Ruffian (level 5, -3/59 HPs)
             Began as a Troll Berserker on May 5, 2023.
             Was an Elder of Trog.
             Slain by a wraith (10 damage)
             ... in the Dungeon (Sprint IX: "|||||||||||||||||||||||||||||").
             The game lasted 00:00:27 (97 turns).

sircluck the Ruffian (Troll Berserker)                Turns: 97, Time: 00:00:27

Health: -3/59      AC:  4    Str: 27    XL:     5   Next: 40%
Magic:  4/4        EV: 13    Int:  6    God:    Trog [****..]
Gold:   0          SH:  0    Dex:  9    Spells: 4/4 levels left

rFire   . .          .
                       - Unarmed
rCold   . . .        (no shield)
rNeg    . . .        a - +0 animal skin
rPois   .            (helmet restricted)
rElec   .            (no cloak)
rCorr   .            (gloves unavailable)
SInv    .            (boots unavailable)
Will    .....        (no amulet)
Stlth   +            k - +3 ring of intelligence
HPRegen 1.09/turn    j - +2 ring of evasion
MPRegen 0.09/turn

%: no teleportation
@: slowed, very slow
A: large, unfitting armour, claws 3, regeneration 1, shaggy fur 1, tough skin 1
a: Renounce Religion, Berserk, Trog's Hand, Brothers in Arms


You were in the Dungeon.
You worshipped Trog.
Trog was greatly pleased with you.
You visited 1 branch

Inventory:

Armour
 a - a +0 animal skin (worn)
Jewellery
 j - a +2 ring of evasion (right claw)
 k - a +3 ring of intelligence (left claw)
Wands
 i - a wand of quicksilver (10)
Scrolls
 g - 2 scrolls of blinking
Potions
 b - 5 potions of curing
 c - 3 potions of heal wounds
 d - a potion of haste
 e - 4 potions of magic
 f - a potion of berserk rage
 h - a potion of invisibility


   Skills:
 + Level 5.7 Fighting
 + Level 5.5 Dodging
 + Level 7.7 Unarmed Combat


You had 4 spell levels left.
You didn't know any spells.
Your spell library was empty.

Dungeon Overview and Level Annotations

Branches:
Dungeon (1/1)

Altars:
Cheibriados
Dithmenos
Elyvilon
Fedhas
Gozag
Hepliaklqana
Kikubaaqudgha
Makhleb
Nemelex Xobeh
Okawaru
Qazlal
Ru
Sif Muna
Trog
Uskayaw
Vehumet
Wu Jian
Xom
Yredelemnul
Zin
The Shining One
Jiyva
Lugonu


Innate Abilities, Weirdness & Mutations

You are too large for most types of armour.
You have claws for hands.
Your natural rate of healing is unusually fast.
You are covered in fur. (AC +1)
You have tough skin. (AC +1)


Message History

The acid dragon bites you. The acid dragon claws you.
You barely miss the acid dragon.
The acid dragon is heavily wounded.
The acid dragon barely misses you. The acid dragon claws you.
You barely miss the acid dragon.
The acid dragon is heavily wounded.
You scratch the acid dragon.
The acid dragon is heavily wounded.
The acid dragon barely misses you. The acid dragon claws you.
You closely miss the acid dragon.
The acid dragon is heavily wounded.
The acid dragon bites you. The acid dragon claws you.
You claw the acid dragon!
The acid dragon is almost dead.
The acid dragon closely misses you. The acid dragon barely misses you.
You mangle the acid dragon!!
You kill the acid dragon!
Trog accepts your kill.
You can now call in reinforcements.
Your Fighting skill increases to level 5!
Your Dodging skill increases to level 5!
Your Unarmed Combat skill gained 2 levels and is now at level 7!
You have reached level 5!
You scratch the wraith.
The wraith is lightly damaged.
The wraith hits you!
* * * LOW HITPOINT WARNING * * *
The wraith drains your vigour!
You feel yourself slow down.
You completely miss the wraith.
The wraith is lightly damaged.
The wraith misses you.
You scratch the wraith but do no damage.
The wraith is lightly damaged.
The wraith hits you!
* * * LOW HITPOINT WARNING * * *
The wraith drains your vigour!
You feel as though you will be slow longer.
You mangle the wraith!!
The wraith is almost destroyed.
The wraith hits you!
You die...

▓+▓
▓.▓
▓Y▓
▓D▓
▓T▓
▓D▓
▓W▓
▓@▓
▓.▓
▓.▓
▓[▓
▓[▓
▓[▓
▓.▓
▓)▓
▓?▓


You could see a yak, a troll, a wraith and 2 steam dragons.

Vanquished Creatures
  An acid dragon (D)
  A jelly (D)
  An iguana (D)
  2 adders (D)
  An orc (D)
  A bat (D)
  An endoplasm (D)
  2 hobgoblins (D)
  A frilled lizard (D)
11 creatures vanquished.

Notes
Turn   | Place    | Note
-------+----------+-------------------------------------------
     0 | D        | sircluck the Troll Berserker began the quest for the Orb.
     0 | D        | Reached XP level 1. HP: 22/22 MP: 0/0
    11 | D        | Reached ** piety under Trog
    19 | D        | Noticed an iguana
    19 | D        | Noticed a jelly
    22 | D        | Killed a jelly
    23 | D        | Reached skill level 4 in Unarmed Combat
    23 | D        | Reached XP level 2. HP: 32/32 MP: 1/1
    23 | D        | Reached XP level 3. HP: 39/39 MP: 2/2
    23 | D        | Reached *** piety under Trog
    24 | D        | Reached skill level 5 in Unarmed Combat
    28 | D        | Reached XP level 4. HP: 49/49 MP: 3/3
    38 | D        | Found a snail-covered altar of Cheibriados.
    38 | D        | Found a shadowy altar of Dithmenos.
    38 | D        | Found a white marble altar of Elyvilon.
    38 | D        | Found a blossoming altar of Fedhas.
    38 | D        | Found an opulent altar of Gozag.
    39 | D        | Found a hazy altar of Hepliaklqana.
    40 | D        | Found a viscous altar of Jiyva.
    41 | D        | Found an ancient bone altar of Kikubaaqudgha.
    42 | D        | Found a corrupted altar of Lugonu.
    43 | D        | Found a burning altar of Makhleb.
    44 | D        | Found a sparkling altar of Nemelex Xobeh.
    45 | D        | Found an iron altar of Okawaru.
    46 | D        | Found a stormy altar of Qazlal.
    47 | D        | Found a sacrificial altar of Ru.
    48 | D        | Found a shimmering blue altar of Sif Muna.
    49 | D        | Found a bloodstained altar of Trog.
    50 | D        | Found a hide-covered altar of Uskayaw.
    51 | D        | Found a radiant altar of Vehumet.
    52 | D        | Found an ornate altar of the Wu Jian Council.
    53 | D        | Found a shimmering altar of Xom.
    54 | D        | Found a basalt altar of Yredelemnul.
    55 | D        | Found a glowing silver altar of Zin.
    56 | D        | Found a glowing golden altar of the Shining One.
    84 | D        | Noticed a yak
    84 | D        | Noticed a steam dragon
    84 | D        | Noticed a troll
    84 | D        | Noticed a steam dragon
    84 | D        | Noticed a wraith
    84 | D        | Noticed an acid dragon
    93 | D        | Killed an acid dragon
    93 | D        | Reached **** piety under Trog
    94 | D        | Reached skill level 5 in Fighting
    94 | D        | Reached skill level 5 in Dodging
    94 | D        | Reached skill level 7 in Unarmed Combat
    94 | D        | Reached XP level 5. HP: 24/59 MP: 4/4
    97 | D        | Slain by a wraith

Illustrated notes

Levels and vault maps discovered:
D:        linesprint [early_d, line_temple, items_1, d_10, items_2, lair_1,
          lair_end, items_3, orc_1, orc_end, items_4, d_15, swamp_1, shoals_1,
          snake_1, spider_1, d_20, vaults_1, items_5, swamp_end, shoals_end,
          snake_end, spider_end, vaults_end, d_27, items_6, zot_1, zot_end,
          crypt_end, forest_end, elf_end, slime_end, tomb_end, abyss_end,
          pan_hell_end]

Skill      XL: |  1  2  3  4 |
---------------+-------------+-----
Fighting       | 3 4 5 |  5.7
Dodging        | 3 4 5 |  5.5
Unarmed Combat | 4 5 7 |  7.7

Action                     |  1- 3 |  4- 6 || total
---------------------------+-------+-------++-------
  Melee: Unarmed           |    17 |    16 ||    33
 Armour: Animal skin       |     3 |     1 ||     4
  Dodge: Dodged            |     4 |     9 ||    13

Table legend: (Time is in decaauts)
 A = Elapsed time spent in this place.
 B = Non-inter-level travel time spent in this place.
 C = Inter-level travel time spent in this place.
 D = Time resting spent in this place.
 E = Time spent auto-exploring this place.
 F = Levels seen in this place.
 G = Mean time per level.
                   A        B        C        D        E       F      G
               +--------+--------+--------+--------+--------+-----+--------+
         Total |     93 |     93 |      0 |      0 |      0 |   1 |   93.0 |
       Dungeon |     93 |     93 |      0 |      0 |      0 |   1 |   93.0 |
               +--------+--------+--------+--------+--------+-----+--------+

Top non-repeatable levels by time:
       D: 93 daAuts
